 Dungeon Crawl Stone Soup version 0.31-a0-833-gc15d34cb79 (webtiles) character file.

Game seed: 3777987058469187082

54 GloriousHammer the Ruffian (level 3, -1/28 HPs)
             Began as a Draconian Shapeshifter on Sept 24, 2023.
             Slain by Terence
             ... wielding a +0 hand axe
              (5 damage)
             ... on level 2 of the Dungeon on Sept 26, 2023.
             The game lasted 00:03:41 (1456 turns).

GloriousHammer the Ruffian (Draconian Shapeshifter) Turns: 1456, Time: 00:03:41

Health: -1/28      AC:  5    Str: 18    XL:     3   Next: 66%
Magic:  3/3        EV: 12    Int: 10    God:
Gold:   52         SH:  0    Dex: 10    Spells: 2/2 levels left

rFire   . .          .
                       - Unarmed
rCold   . . .        (no shield)
rNeg    . . .        (body armour unavailable)
rPois   .            (helmet currently unavailable)
rElec   .            (cloak currently unavailable)
rCorr   .            (gloves currently unavailable)
SInv    .            (boots currently unavailable)
Will    .....        (no amulet)
Stlth   +            (no ring)
HPRegen 0.24/turn    (no ring)
MPRegen 0.08/turn

%: no passive effects
@: beast-form
A: beast (slay +2), AC +5, unfitting armour, cold-blooded
a: Begin Untransformation


You were on level 2 of the Dungeon.
You were a hulking beast.
You visited 1 branch of the dungeon, and saw 2 of its levels.

You collected 52 gold pieces.

Inventory:

Missiles
 j - 4 javelins
Armour
 s - a +0 cloak
Talismans
 b - a beast talisman (active)
 c - a flux talisman
Scrolls
 d - a scroll of enchant armour {unknown}
 e - 2 scrolls of teleportation {unknown}
 f - a scroll of noise {unknown}
 g - a scroll of vulnerability {unknown}
 k - a scroll of fear {unknown}
 l - a scroll of blinking {unknown}
 m - a scroll of poison {unknown}
 o - a scroll of enchant weapon {unknown}
Potions
 a - a potion of lignification
 h - a potion of degeneration {unknown}
 i - a potion of enlightenment {unknown}
 n - 4 potions of attraction {unknown}
 p - 2 potions of heal wounds {unknown}
 q - 3 potions of curing {unknown}
 r - a potion of berserk rage {unknown}


   Skills:
 - Level 1.1 Fighting
 - Level 1.7 Dodging
 * Level 4.2 Unarmed Combat
 + Level 3.5 Shapeshifting


You had 2 spell levels left.
You didn't know any spells.
Your spell library contained the following spells:

 Spells                   Type           Power      Damage    Failure   Level
 Dazzling Flash           Conj/Hex       0%         N/A       75%         3
 Volatile Blastmotes      Fire/Tloc      0%         2d10      75%         3
 Starburst                Conj/Fire      0%         6d3       100%        6
 Maxwell's Capacitive Co  Air            0%         ∞         100%        8


Dungeon Overview and Level Annotations

Branches:
Dungeon (2/15)

Altars:

Annotations:
D:2 Jessica, Sigmund, Terence


Innate Abilities, Weirdness & Mutations

You are a hulking beast.
Your limbs bulge with bestial killing power. (Slay +2)
Your plain brown scales are hard. (AC +5)
You cannot fit into any form of body armour.
You are cold-blooded and may be slowed by cold attacks.


Message History

You hit the bat.
You kill the bat!
You see here a bat corpse.
n - 4 smoky inky potions (gained 2)
A jackal comes into view.
The jackal barks!
A jackal comes into view.
The jackal barks!
You hear a bark!
A jackal comes into view. x2
You hear a shout!
Found a metallic dark potion.
The jackal barks!
You barely miss the jackal. The jackal closely misses you.
You closely miss the jackal.
A goblin comes into view. It is wielding a +0 dagger.
The jackal bites you but does no damage.
You punch the jackal!
You kill the jackal!
You hit the jackal.
The jackal is lightly wounded.
The jackal closely misses you.
A quokka comes into view.
The jackal closely misses you.
You hit the jackal.
The jackal is severely wounded.
The jackal closely misses you. x2; The jackal bites you.
The goblin closely misses you.
The jackal bites you but does no damage.
The jackal bites you. The jackal closely misses you.
You see here a jackal corpse.
You punch the jackal!
You kill the jackal!
The jackal bites you. x2; The goblin hits you with a +0 dagger.
The jackal barely misses you. The jackal attacks as it pursues you!
The jackal barely misses you.
You hit the jackal. You tail-slap the jackal.
The jackal is almost dead.
The jackal barely misses you.
The jackal bites you but does no damage.
You barely miss the jackal. You tail-slap the jackal.
You kill the jackal!
You hit the quokka. You tail-slap the quokka.
The quokka is severely wounded.
The quokka closely misses you.
You hit the quokka but do no damage.
The quokka is severely wounded.
The quokka barely misses you. The quokka closely misses you.
You closely miss the quokka.
Your tail-slap misses the quokka.
The quokka is severely wounded.
The quokka bites you.
You punch the quokka!
You kill the quokka!
You completely miss the jackal.
The jackal bites you but does no damage.
You hit the jackal.
You tail-slap the jackal, but do no damage.
The jackal is severely wounded.
The jackal bites you but does no damage. x2
Unknown command.
You closely miss the jackal. You tail-slap the jackal.
The jackal is severely wounded.
The jackal bites you but does no damage.
You hit the jackal.
You kill the jackal!
You punch the goblin!
You kill the goblin!
Things that are here:
a +0 dagger; a quokka corpse You see here a jackal corpse.
Found a bubbling sapphire potion.
Found a stone staircase leading down.
q - a metallic dark potion
Found 6 stones and 2 metallic dark potions.
r - a bubbling sapphire potion
q - 3 metallic dark potions (gained 2)
Found a cloak.
You see here a +0 cloak.
You aren't carrying any wearable armour.
s - a +0 cloak You start waiting.
Done waiting.
Terence shouts!
Terence zaps a wand.
The puff of flame misses you.
Terence zaps a wand.
The puff of flame misses you.
You barely miss Terence. You hit Terence but do no damage.
Terence zaps a wand.
The puff of flame hits you.
You barely miss Terence.
You tail-slap Terence, but do no damage.
Your punch misses Terence. Terence hits you with a +0 hand axe.
You hit Terence.
Your tail-slap misses Terence.
Terence is lightly wounded.
Terence hits you with a +0 hand axe.
You hit Terence.
Your tail-slap misses Terence.
Terence is lightly wounded.
Terence hits you with a +0 hand axe!
* * * LOW HITPOINT WARNING * * *
You hit Terence.
Terence is heavily wounded.
Terence hits you with a +0 hand axe.
You die...

#.....# #.###.# #.# #.# . ###.#
#.# ##### . . #>..# #.# #...# .
######..## #.# #...# #.
#........###.#######...#####.
#............@...............
#.......####h#######.....#...
#............# ####...#..#...
#............#........@..#.##
#.....#......#.###.........##
#.....##†###.........÷..)....
#####.....##.)..####.#.).÷..<...#
#.........#####..###.......#....#
#.....##### ##..##.#.#.###..#.#
#(....###### ##....#...........


You could see Terence.

Vanquished Creatures
  An adder (D:2)
  3 ball pythons (D:1)
  4 endoplasms
  A giant cockroach (D:1)
  3 goblins
  8 hobgoblins
  6 jackals (D:2)
  2 quokkas (D:2)
  4 bats
  3 kobolds
  5 rats
40 creatures vanquished.

Notes
Turn   | Place    | Note
-------+----------+-------------------------------------------
     0 | D:1      | GloriousHammer the Draconian Shapeshifter began the quest
                  | for the Orb.
     0 | D:1      | Reached XP level 1. HP: 16/16 MP: 1/1
     0 | D:1      | Upgraded the game from 0.31-a0-819-gf6de2f5ab6 to
                  | 0.31-a0-833-gc15d34cb79
   305 | D:1      | Reached XP level 2. HP: 23/23 MP: 2/2
   863 | D:2      | Noticed Sigmund
   923 | D:2      | Reached XP level 3. HP: 28/28 MP: 3/3
   998 | D:2      | Noticed Jessica
  1000 | D:2      | Noticed Terence
  1182 | D:2      | Reached skill level 4 in Unarmed Combat
  1456 | D:2      | Slain by Terence

Illustrated notes

Levels and vault maps discovered:
D:1:      scummos_arrival_checkerplants, layout_loops_ring
D:2:      layout_basic, uniq_sigmund, uniq_terence, uniq_jessica

Skill      XL: |  1  2  3 |
---------------+----------+-----
Unarmed Combat | 4 |  4.2
Fighting       | |  1.1
Dodging        | |  1.7
Shapeshifting  | |  3.5

Action                     || total
---------------------------++-------
  Melee: Unarmed           ||   103
         Tailslap          ||    11
         Punch             ||     2
   Stab: Sleeping          ||     1
 Armour: Skin              ||    51
  Dodge: Dodged            ||    62

Table legend: (Time is in decaauts)
 A = Elapsed time spent in this place.
 B = Non-inter-level travel time spent in this place.
 C = Inter-level travel time spent in this place.
 D = Time resting spent in this place.
 E = Time spent auto-exploring this place.
 F = Levels seen in this place.
 G = Mean time per level.
                   A        B        C        D        E       F      G
               +--------+--------+--------+--------+--------+-----+--------+
         Total |   1448 |   1409 |     39 |    359 |    575 |   2 |  724.0 |
       Dungeon |   1448 |   1409 |     39 |    359 |    575 |   2 |  724.0 |
               +--------+--------+--------+--------+--------+-----+--------+

Top non-repeatable levels by time:
     D:1: 969 daAuts
     D:2: 479 daAuts
